Map: [ESL] Oceanborn

Players

Cham

  • Race: Zerg Zerg
  • Spawn Location: 5:00

Scarlett - Winner!

  • Race: Zerg Zerg
  • Spawn Location: 11:00

Event: ESL SC2 Masters 2024 Spring (Regional)

VOD

Have the link to the VOD?

Description

Time

  • Played on: April 14, 2024, 2:46 p.m.
  • Length: 7:18

All games in this series

Show
View Real Time Build Order
Export as new Build Order

Cham Zerg 

Build Orders: Hatch First 

Get SALT Encoding   

  12  0:00  Drone  
  13  0:12  Overlord  
  13  0:17  Drone  
  14  0:30  Drone x2  
  16  0:48  Hatchery  
  15  0:50  Drone  
  15  0:54  Drone  
  17  0:57  Drone  
  17  1:00  Extractor  
  17  1:13  Spawning Pool  
  17  1:15  Drone  
  17  1:19  Drone  
  18  1:27  Drone  
  19  1:40  Drone  
  20  1:59  Queen x2  
  20  2:00  Zergling x6  
  27  2:12  Spine Crawler  
  27  2:14  Baneling Nest  
  27  2:15  Zergling x2  
  26  2:24  Zergling x2  
  26  2:39  Overlord  
  26  2:41  Zergling x2  
  23  2:52  Overlord  
  23  2:55  Drone x2  
  23  2:57  Baneling  
  23  2:58  Baneling  
  25  3:07  Overlord  
  25  3:14  Baneling x2  
  25  3:27  Zergling x4  
  25  3:28  Zergling x2  
  26  3:51  Hatchery  
  23  3:56  Baneling  
  23  3:58  Drone  
  23  4:02  Drone x2  
  26  4:06  Drone  
  27  4:11  Drone  
  27  4:16  Metabolic Boost  
  28  4:25  Queen  
  30  4:32  Overlord  
  30  4:40  Drone x2  
  32  4:50  Roach Warren  
  31  5:03  Overlord  
  31  5:04  Zergling x2  
  31  5:30  Roach x8  
  31  5:34  Roach  
  49  5:43  Roach x2  
  49  5:46  Roach  
  49  5:48  Roach  
  57  5:52  Roach  
  59  5:59  Overlord  
  59  6:06  Overlord  
  59  6:10  Overlord  
  59  6:17  Zergling x2  
  60  6:20  Overlord  
  60  6:24  Zergling x8  
  64  6:27  Zergling x2  
  64  6:30  Zergling x2  
  66  6:36  Ravager  
  68  6:40  Zergling x4, Ravager  
  68  6:43  Zergling x4  
  68  6:45  Zergling x2  
  68  6:50  Zergling x2  
  62  6:58  Zergling x2  
  62  6:59  Zergling x4  
Show
View Real Time Build Order
Export as new Build Order

Scarlett Zerg - Winner!

Build Orders: 1 Base Baneling Bust, Pool First 

Get SALT Encoding   

  12  0:00  Drone  
  13  0:07  Extractor  
  12  0:23  Spawning Pool  
  12  0:28  Drone  
  12  0:33  Drone  
  13  0:39  Drone  
  14  0:50  Overlord  
  14  1:09  Metabolic Boost  
  14  1:10  Zergling x4  
  16  1:14  Zergling x2  
  17  1:22  Zergling x2  
  18  1:27  Baneling Nest  
  18  1:32  Zergling x2  
  18  1:45  Zergling x2  
  19  1:55  Zergling x2  
  20  2:05  Zergling x2  
  21  2:11  Baneling x2  
  21  2:17  Zergling x2  
  22  2:24  Hatchery  
  22  2:28  Zergling x2  
  22  2:37  Baneling x2  
  22  2:44  Overlord  
  21  3:01  Queen  
  21  3:02  Drone x2  
  25  3:08  Baneling  
  25  3:11  Drone  
  21  3:28  Drone  
  22  3:40  Drone x2  
  24  3:42  Drone  
  24  3:43  Queen  
  27  3:55  Drone x2  
  26  3:58  Queen  
  26  4:02  Drone  
  29  4:06  Zergling x2  
  30  4:10  Drone  
  30  4:14  Drone x3  
  30  4:16  Drone  
  35  4:20  Drone  
  35  4:22  Baneling  
  36  4:28  Overlord  
  36  4:42  Overlord  
  36  4:47  Drone x6  
  42  4:53  Hatchery  
  42  4:57  Drone  
  42  5:00  Overlord  
  42  5:07  Drone x3  
  42  5:14  Drone  
  45  5:18  Baneling  
  45  5:19  Zergling x2  
  45  5:21  Drone  
  47  5:26  Evolution Chamber, Drone x6  
  52  5:32  Extractor  
  52  5:33  Extractor  
  50  5:41  Roach Warren  
  49  5:43  Drone x3  
  49  5:45  Lair  
  49  5:48  Drone  
  53  5:51  Drone  
  54  5:58  Zergling x12  
  60  6:06  Zergling x2  
  60  6:09  Zergling x2  
  60  6:10  Spine Crawler  
  60  6:11  Spine Crawler  
  60  6:14  Zergling x2  
  60  6:16  Zergling x2  
  62  6:21  Roach x2  
  62  6:24  Baneling x2  
  66  6:29  Overlord x2  
  66  6:32  Baneling x3  
  63  6:41  Roach x2  
  63  6:46  Roach  
  63  6:47  Roach x2  
  66  6:49  Roach x4  
  66  6:53  Zergling x6  
  75  6:56  Roach  
  75  6:58  Roach, Zergling x2  
Tags
 
Add a new tag
Caveats
  • Supply blocks, unpowered buildings, or Contaminate may cause inaccurate times.
  • Supply counts are checked every 10 seconds.